 Dungeon Crawl Stone Soup version 0.22.1-1-ga44c0e56f4 (webtiles) character file.

67 Knicklaso the Cutter (level 4, -7/31 HPs)
             Began as a Halfling Abyssal Knight on Sept 26, 2018.
             Was a Follower of Lugonu.
             Killed by nerve-wracking pain
             ... invoked by Grinder
              (10 damage)
             ... on level 3 of the Dungeon.
             The game lasted 00:04:16 (1869 turns).

Knicklaso the Cutter (Halfling Abyssal Knight)      Turns: 1869, Time: 00:04:16

Health: -7/31      AC:  5    Str: 14    XL:     4   Next: 40%
Magic:  6/6        EV: 12    Int: 10    God:    Lugonu [*.....]
Gold:   75         SH:  0    Dex: 13    Spells: 3/3 levels left

rFire    . . .     SeeInvis .   b - +0 hunting sling
rCold    . . .     Gourm    .   (shield restricted)
rNeg     . . .     Faith    .   d - +0 ring mail
rPois    .         Spirit   .   (no helmet)
rElec    .         Reflect  .   (no cloak)
rCorr    .         Harm     .   (no gloves)
MR       .....                  (no boots)
Stlth    +.........             (no amulet)
HPRegen  0.10/turn              (no ring)
MPRegen  0.10/turn              (no ring)

@: hasted, very quick
A: small, mutation resistance 1
a: Depart the Abyss, Renounce Religion


You were on level 3 of the Dungeon.
You worshipped Lugonu.
Lugonu was aware of your devotion.
You were hungry.

You visited 1 branch of the dungeon, and saw 3 of its levels.
You visited the Abyss 1 time.

You collected 75 gold pieces.

Inventory:

Hand Weapons
 a - a +1 short sword
 b - a +0 hunting sling (weapon)
Missiles
 i - 15 sling bullets
 l - 57 stones (quivered)
Armour
 d - a +0 ring mail (worn)
Jewellery
 g - a +2 ring of strength {unknown}
Scrolls
 h - 2 scrolls of teleportation {unknown}
 m - a scroll of fear {unknown}
 n - a scroll of immolation {unknown}
 o - a scroll of identify {unknown}
 p - a scroll of enchant weapon {unknown}
Potions
 f - a potion of lignification {unknown}
 j - a potion of curing
 k - a potion of magic {unknown}
Comestibles
 c - 3 rations


   Skills:
 + Level 3.3 Fighting
 + Level 3.6 Short Blades
 - Level 2.1 Armour
 - Level 1.1 Dodging
 + Level 3.1 Invocations


You had 3 spell levels left.
You didn't know any spells.
Your spell library was empty.

Dungeon Overview and Level Annotations

Branches:
Dungeon (3/15)

Altars:

Annotations:
D:3 Grinder


Innate Abilities, Weirdness & Mutations

You are small and have problems with some larger weapons.
You are somewhat resistant to further mutation.


Message History

It was a potion of curing.
You feel better.
Grinder blinks!
It was a potion of haste.
You feel yourself speed up. Grinder gestures at you.
Pain shoots through your body!
* * * LOW HITPOINT WARNING * * *
You are too injured to fight recklessly!
Firing (i - inventory. (/) - cycle)
l - 59 stones (quivered)
Press: ? - help, Shift-Dir - straight line, f/p - Grinder
Aim: Grinder (moderately wounded)
You shoot a stone. The stone hits Grinder.
Grinder is moderately wounded.
Firing (i - inventory. (/) - cycle)
l - 58 stones (quivered)
Press: ? - help, Shift-Dir - straight line, f/p - Grinder
Aim: Grinder (moderately wounded)
You shoot a stone.
The stone hits Grinder but does no damage.
Grinder is moderately wounded.
Grinder gestures at you. Pain shoots through your body!
You die... ################## ....(..@(5(...(.<# ##################

You could see Grinder.

Vanquished Creatures
  An adder (D:3)
  2 worms (D:2)
  3 dart slugs
  A leopard gecko (D:2)
  6 bats
  3 giant cockroaches
  3 goblins
  5 hobgoblins
  4 jackals (D:2)
  2 quokkas (D:2)
  3 ball pythons (D:2)
  4 frilled lizards
  3 kobolds
  6 rats
46 creatures vanquished.

Notes
Turn   | Place    | Note
-------+----------+-------------------------------------------
     0 | Abyss:1  | Knicklaso the Halfling Abyssal Knight began the quest for
                  | the Orb.
     0 | Abyss:1  | Reached XP level 1. HP: 15/15 MP: 2/2
     3 | Abyss:1  | Found a corrupted altar of Lugonu.
    53 | Abyss:1  | Noticed a small abomination
    54 | D:1      | Escaped the Abyss
   134 | D:1      | Reached XP level 2. HP: 15/20 MP: 3/3
   279 | D:1      | Reached * piety under Lugonu
   853 | D:1      | Reached XP level 3. HP: 22/26 MP: 4/4
  1299 | D:2      | Reached XP level 4. HP: 31/31 MP: 6/6
  1861 | D:3      | Noticed Grinder
  1869 | D:3      | Killed from afar by Grinder

Skill      XL: |  1  2  3  4 |
---------------+-------------+-----
Fighting       | 3 |  3.3
Short Blades   | 3 |  3.6
Invocations    | 3 |  3.1
Armour         | |  2.1
Dodging        | |  1.1

Action                   |  1- 3 |  4- 6 || total
-------------------------+-------+-------++-------
Melee: Short sword       |    82 |    15 ||    97
 Fire: Hunting sling     |    36 |    24 ||    60
Invok: Depart the Abyss  |     1 |       ||     1
  Use: Potion            |       |     2 ||     2
  Eat: Chunk             |     1 |     1 ||     2
Armor: Ring mail         |    31 |    13 ||    44
Dodge: Dodged            |    64 |    12 ||    76
